 Dungeon Crawl Stone Soup version 0.22-a0-757-gdba82d8 (webtiles) character file.

103 corax the Skirmisher (level 4, -1/41 HPs)
             Began as a Minotaur Fighter on July 16, 2018.
             Slain by Grinder (2 damage)
             ... while paralysed by Grinder
             ... on level 4 of the Dungeon.
             The game lasted 00:03:38 (1208 turns).

corax the Skirmisher (Minotaur Fighter)             Turns: 1208, Time: 00:03:38

Health: -1/41      AC:  8    Str: 21    XL:     4   Next: 51%
Magic:  3/3        EV:  2    Int:  5    God:
Gold:   112        SH:  0    Dex: 10    Spells: 3/3 levels left

rFire    . . .     SeeInvis .   k - +1 hand axe (elec)
rCold    . . .     Gourm    .   (no shield)
rNeg     . . .     Faith    .   b - +0 scale mail
rPois    .         Spirit   .   (helmet restricted)
rElec    .         Reflect  .   (no cloak)
rCorr    .         Harm     .   (no gloves)
MR       .....                  m - +0 pair of boots {run}
Stlth    ..........             (no amulet)
HPRegen  0.13/turn              (no ring)
MPRegen  0.08/turn              (no ring)

@: paralysed, quick
A: retaliatory headbutt, horns 2
a: no special abilities


You were on level 4 of the Dungeon.
You were hungry.

You visited 1 branch of the dungeon, and saw 4 of its levels.

You collected 112 gold pieces.

Inventory:

Hand Weapons
 k - a +1 hand axe of electrocution (weapon)
Missiles
 a - 5 tomahawks (quivered)
Armour
 b - a +0 scale mail (worn)
 c - a +0 shield
 m - a +0 pair of boots of running (worn)
Magical Staves
 x - an uncursed staff of fire {unknown}
Jewellery
 q - an uncursed ring of resist corrosion {unknown}
 s - an uncursed ring of poison resistance {unknown}
 u - an uncursed ring of stealth {unknown}
 w - an uncursed ring of fire {unknown}
Scrolls
 h - 2 scrolls of identify {unknown}
 i - a scroll of fear {unknown}
 j - a scroll of teleportation {unknown}
 l - 2 scrolls of blinking {unknown}
 o - a scroll of noise {unknown}
 p - 2 scrolls of immolation {unknown}
 v - a scroll of enchant weapon {unknown}
Potions
 d - 2 potions of might
 e - 2 potions of haste {unknown}
 g - 2 potions of lignification {unknown}
 n - 2 potions of mutation {unknown}
 r - 2 potions of flight {unknown}
 t - 2 potions of curing {unknown}
Comestibles
 f - 8 rations


   Skills:
 + Level 4.5 Fighting
 + Level 3.5 Axes
 + Level 4.4 Armour
 + Level 4.5 Shields


You had 3 spell levels left.
You didn't know any spells.
Your spell library was empty.

Dungeon Overview and Level Annotations

Branches:
Dungeon (4/15)
 Temple: D:4-7

Altars:
Trog

Annotations:
D:4 Grinder


Innate Abilities, Weirdness & Mutations

You reflexively headbutt those who attack you in melee.
You have a pair of horns on your head.


Message History

You are too injured to fight recklessly!
Your scale mail prevents you from hitting Grinder.
You headbutt Grinder!
Grinder is severely wounded.
Grinder closely misses you. You furiously retaliate!
You headbutt Grinder, but do no damage. Grinder hits you but does no damage.
You barely miss Grinder.
Grinder is severely wounded.
Grinder blinks!
Grinder closely misses you.
You barely miss Grinder.
Grinder is severely wounded.
Grinder gestures at you.
You suddenly lose the ability to move!
Grinder hits you.
You writhe in agony.
Grinder gestures at you. Pain shoots through your body!
* * * LOW HITPOINT WARNING * * *
Grinder hits you.
You die...

.. .# #.#
.. .# #.##
#5.# #@##
##.## #..#
##.## ####
##..##....
##.......#
#......###
##......##
#........#


You could see Grinder.

Vanquished Creatures
  Terence (D:2)
  3 adders
  3 dart slugs
  2 leopard geckos
  3 giant cockroaches
  5 goblins
  7 hobgoblins
  4 bats
  2 frilled lizards (D:1)
  A giant cockroach zombie (D:3)
  7 kobolds
  7 rats
45 creatures vanquished.

Notes
Turn   | Place    | Note
-------+----------+-------------------------------------------
     0 | D:1      | corax the Minotaur Fighter began the quest for the Orb.
     0 | D:1      | Reached XP level 1. HP: 19/19 MP: 0/0
    99 | D:1      | Reached XP level 2. HP: 27/27 MP: 1/1
   479 | D:2      | Identified a +0 pair of boots of running (You found it on level 2 of the Dungeon)
   529 | D:2      | Noticed Terence
   533 | D:2      | Reached XP level 3. HP: 33/33 MP: 2/2
   535 | D:2      | Killed Terence
   641 | D:2      | Found a bloodstained altar of Trog.
   699 | D:2      | Reached XP level 4. HP: 40/41 MP: 3/3
  1185 | D:4      | Noticed Grinder
  1205 | D:4      | Paralysed by Grinder for 4 turns
  1207 | D:4      | HP: 1/41 [Grinder/nerve-wracking pain (13)]
  1208 | D:4      | Slain by Grinder

Vault maps used:
D:1:      onia_arrival_pyramid, minivault_14, hangedman_feature_mirror
D:2:      overflow_temple_1_default, minmay_misc_feat_roman, uniq_terence
D:3:      first_ration, serial_undead, serial_undead_b, serial_undead_f,
          serial_undead_b, serial_undead_f
D:4:      kennysheep_mini, kennysheep_generic_room_8, uniq_sigmund,
          uniq_eustachio, uniq_grinder

Skill      XL: |  1  2 |
---------------+-------+-----
Fighting       | 4 |  4.5
Shields        | 4 |  4.5
Armour         | 4 |  4.4
Axes           | 3 |  3.5

Action                   |  1- 3 |  4- 6 || total
-------------------------+-------+-------++-------
Melee: War axe           |    24 |       ||    24
       Headbutt          |    10 |     4 ||    14
       Hand axe          |    33 |    28 ||    61
Armor: Scale mail        |    31 |    16 ||    47
Dodge: Dodged            |    29 |    10 ||    39
Block: Shield            |     1 |       ||     1

Table legend:
 A = Spawn XP
 B = Non-spawn XP
 C = Spawn XP percentage of total XP
 D = Spawn monster count
 E = Non-spawn monster count
 F = Spawn count percentage of total count
 G = Total turns spent on level
                    A         B        C        D         E        F      G
               +---------+---------+-------+---------+---------+-------+---------
         Total |       0 |     148 |   0.0 |       0 |      45 |   0.0 |  1208
               +---------+---------+-------+---------+---------+-------+---------
           D:1 |       0 |      38 |   0.0 |       0 |      22 |   0.0 |   461
           D:2 |       0 |      78 |   0.0 |       0 |      10 |   0.0 |   416
           D:3 |       0 |      32 |   0.0 |       0 |      13 |   0.0 |   308
               +---------+---------+-------+---------+---------+-------+---------
